 Dungeon Crawl Stone Soup version 0.29.1-13-g9f3cf754e1 (webtiles) character file.

Game seed: 8857891887252464103

198 Dvallin the Covert (level 6, -4/32 (37) HPs)
             Began as a Kobold Delver on Jan 20, 2023.
             Slain by a necrophage (5 damage)
             ... on level 6 of the Dungeon.
             The game lasted 00:02:27 (364 turns).

Dvallin the Covert (Kobold Delver)                   Turns: 364, Time: 00:02:28

HP:   -4/32 (37)    AC:  3    Str: 10    XL:     6   Next: 6%
MP:   6/6           EV: 14    Int: 11    God:
Gold: 9             SH:  0    Dex: 18    Spells: 5/5 levels left

rFire   . . .      SeeInvis .   a - +0 short sword
rCold   . . .      Faith    .   (no shield)
rNeg    . . .      Spirit   .   b - +0 leather armour
rPois   +          Reflect  .   (no helmet)
rElec   .          Harm     .   (no cloak)
rCorr   .          Rampage  .   (no gloves)
Will    .....                   (no boots)
Stlth   +++++.....              (no amulet)
HPRegen 0.10/turn               k - ring of poison resistance
MPRegen 0.10/turn               (no ring)

@: heavily drained
A: small, no large weapons, nightstalker 3
a: no special abilities


You were on level 6 of the Dungeon.
You visited 1 branch of the dungeon, and saw 2 of its levels.

You collected 9 gold pieces.

Inventory:

Hand Weapons
 a - a +0 short sword (weapon)
Missiles
 j - 2 poisoned darts (quivered)
Armour
 b - a +0 leather armour (worn)
Jewellery
 k - a ring of poison resistance (left hand)
Wands
 g - a wand of digging (3)
Scrolls
 c - a scroll of fog
 d - a scroll of magic mapping
 e - a scroll of fear
 i - 2 scrolls of poison {unknown}
 l - a scroll of noise {unknown}
Potions
 f - a potion of haste
 h - 2 potions of resistance {unknown}


   Skills:
 - Level 3.2 Fighting
 + Level 5.7 Short Blades
 - Level 2.4 Dodging
 + Level 8.6 Stealth


You had 5 spell levels left.
You didn't know any spells.
Your spell library was empty.

Dungeon Overview and Level Annotations

Branches:
Dungeon (6/15)
 Temple: D:4-7

Altars:


Innate Abilities, Weirdness & Mutations

You are small and have problems with some larger weapons.
You are completely attuned to the shadows.


Message History

You barely miss the necrophage.
The necrophage is heavily damaged.
The necrophage hits you.
You feel drained.
You hit the necrophage.
The necrophage is heavily damaged.
The necrophage hits you.
* * * LOW HITPOINT WARNING * * *
You closely miss the necrophage.
The necrophage is heavily damaged.
The necrophage completely misses you.
You closely miss the necrophage.
The necrophage is heavily damaged.
The necrophage hits you.
* * * LOW HITPOINT WARNING * * *
You completely miss the necrophage.
The necrophage is heavily damaged.
You hit the necrophage. Your punch misses the necrophage.
The necrophage is severely damaged.
The necrophage hits you.
* * * LOW HITPOINT WARNING * * *
You barely miss the necrophage.
The necrophage is severely damaged.
The necrophage closely misses you.
You closely miss the necrophage.
The necrophage is severely damaged.
The necrophage closely misses you.
You hit the necrophage.
The necrophage is severely damaged.
The necrophage hits you but does no damage.
You hit the necrophage.
The necrophage is severely damaged.
You hit the necrophage.
You punch the necrophage, but do no damage.
The necrophage is almost destroyed.
The necrophage closely misses you.
Unknown command.
You closely miss the necrophage.
The necrophage is almost destroyed.
The necrophage hits you.
You die...

## ... ####.##
.........######.
$.........@n.#...
..........##.....
...#.###.###<..##
.#.........###...#
#
#.#...#.######....#
# #.#...#.# #....#
####.#...#.#
.......
...........#
.....o.#
####.#...###
#...n...


You could see a necrophage.

Vanquished Creatures
  An ice beast (D:6)
  An ogre (D:6)
  A hound (D:6)
3 creatures vanquished.

Notes
Turn   | Place    | Note
-------+----------+-------------------------------------------
     0 | D:5      | Dvallin the Kobold Delver began the quest for the Orb.
     0 | D:5      | Reached XP level 1. HP: 14/14 MP: 1/1
    33 | D:6      | Noticed an ogre
    41 | D:6      | Killed an ogre
    42 | D:6      | Reached skill level 7 in Stealth
    42 | D:6      | Reached XP level 2. HP: 19/19 MP: 2/2
    42 | D:6      | Reached XP level 3. HP: 23/23 MP: 3/3
    42 | D:6      | Reached XP level 4. HP: 28/28 MP: 4/4
    61 | D:6      | Reached skill level 8 in Stealth
    61 | D:6      | Reached XP level 5. HP: 32/32 MP: 5/5
   236 | D:6      | Noticed an ice beast
   238 | D:6      | Killed an ice beast
   239 | D:6      | Reached skill level 5 in Short Blades
   239 | D:6      | Reached XP level 6. HP: 37/37 MP: 6/6
   239 | D:6      | Noticed an ogre
   358 | D:6      | HP: 1/32 [necrophage (2)]
   364 | D:6      | Slain by a necrophage

Illustrated notes

Levels and vault maps discovered:
D:5:      layout_gridville, minmay_temple_entry_enclosed_plants,
          chequers_big_river, corexii_hall_statues_l, grunt_ministairs_1,
          nicolae_shop_fire_sale [nicolae_sub_dead_trees], minmay_misc_feat_chi
D:6:      layout_loops_cross, chequers_decorated_corner

Skill      XL: |  1  2  3  4  5 |
---------------+----------------+-----
Short Blades   | 4 5 |  5.7
Stealth        | 7 8 |  8.6
Fighting       | |  3.2
Dodging        | |  2.4

Action                   |  1- 3 |  4- 6 || total
-------------------------+-------+-------++-------
Melee: Short sword       |     6 |    32 ||    38
       Punch             |       |     2 ||     2
 Stab: Sleeping          |     1 |     2 ||     3
Armor: Leather armour    |       |     5 ||     5
Dodge: Dodged            |     3 |    10 ||    13
